AoeStats
← MiNaToS 4to

Arena

510338963Analyzed
3v3 RM · 2d ago on Sep 30, 2026· 32m 44s· 6 players
Game mode
Random Map
Map size
Normal (6 player)
Population
200
Speed
Normal
Resources
Standard
Victory
Conquest
Starting age
Dark Age
Ending age
Imperial Age
RankedLock teamsTeams togetherTeam positionsShared explorationLock speedFull tech treeHidden civsTurbo modeCheats
Victory
Defeat
🇹🇼 Danes · Taiwan
1346
+14
🇹🇼 Bohemians · Taiwan
1333
+15
🇹🇼 Burmese · Taiwan
1332
+15
🇫🇷 Tatars · France
1405
-20
🇦🇷 Saracens · Argentina
1279
-13
🇧🇩 Persians · Bangladesh
1220
-11
打門五郎
10:28 Feudal Age
14:41 Castle Age
12:31 Horse Collar
13:23 Gold Mining
14:35 Loom
24:13 Wheelbarrow
24:06 Padded Archer Armor
26:43 Husbandry
27:51 Bloodlines
包皮特長的狗腿
12:06 Feudal Age
13:09 Double-Bit Axe
13:08 Horse Collar
15:48 Castle Age
20:49 Imperial Age
19:41 Bow Saw
21:13 Chemistry
23:03 Wheelbarrow
27:48 Houfnice
打皮打皮
1:56 Loom
11:12 Feudal Age
15:17 Castle Age
13:43 Double-Bit Axe
13:40 Horse Collar
14:07 Gold Mining
16:26 Bow Saw
18:01 Arson
23:04 Scale Mail Armor
28:01 Chain Mail Armor
27:57 Forging
30:17 Iron Casting
Beerial
11:31 Feudal Age
15:30 Castle Age
13:22 Double-Bit Axe
14:18 Horse Collar
16:33 Bow Saw
16:33 Heavy Plow
20:57 Wheelbarrow
20:07 Loom
20:43 Gold Mining
24:20 Fletching
25:16 Hand Cart
26:02 Fletching
29:05 Bodkin Arrow
32:22 Ballistics
32:13 Masonry
Kamrul007
7:51 Loom
11:01 Feudal Age
15:52 Castle Age
14:05 Double-Bit Axe
14:12 Horse Collar
18:17 Bow Saw
18:10 Heavy Plow
19:16 Town Watch
19:56 Gold Mining
21:39 Wheelbarrow
25:11 Bloodlines
25:01 Husbandry
29:13 Imperial Age
27:08 Scale Barding Armor
27:21 Forging
27:23 Murder Holes
28:17 Ballistics
28:01 Town Patrol
29:34 Iron Casting
29:20 Chain Barding Armor
29:55 Conscription
MiNaToS 4to
11:00 Feudal Age
14:55 Castle Age
13:05 Double-Bit Axe
13:35 Horse Collar
22:35 Loom
26:05 Imperial Age
Connection lost

Rejoining the realm…

Still unreachable

The connection could not be restored.

Session expired

The server has moved on; the page needs a fresh start.